 Dungeon Crawl Stone Soup version 0.20.1-1-g8b1a95d (webtiles) character file.

112 tidbits the Insei (level 4, -3/34 HPs)
             Began as a Demigod Transmuter on Aug 19, 2017.
             Slain by a mummy (10 damage)
             ... in an ossuary.
             The game lasted 00:12:15 (1734 turns).

tidbits the Insei (Demigod Transmuter)              Turns: 1734, Time: 00:12:16

Health: -3/34      AC:  6    Str: 13    XL:     4   Next: 38%
Magic:  1/9        EV: 12    Int: 19    God:
Gold:   122        SH:  0    Dex: 16    Spells: 1/7 levels left

rFire    . . .     SeeInvis .     - Unarmed
rCold    . . .     Gourm    .   (no shield)
rNeg     . . .     Faith    .   b - +0 robe
rPois    .         Spirit   .   (no helmet)
rElec    .         Reflect  .   (no cloak)
rCorr    .         Harm     .   (no gloves)
MR       .....                  (no boots)
Stlth    +.........             (no amulet)
Regen    0.2/turn               U - +4 ring of protection
MPRegen  0.2/turn               (no ring)

@: flying, very slightly contaminated, hasted, very quick
A: high mp 1
a: no special abilities


You were in an ossuary.
You were not hungry.

You visited 1 branch of the dungeon, and saw 4 of its levels.
You also visited: Ossuary.

You collected 122 gold pieces.

Inventory:

Hand Weapons
 e - a +0 hunting sling of freezing
   (You took it off a goblin on level 2 of the Dungeon)
Missiles
 a - 86 arrows
 f - 26 stones (quivered)
Armour
 b - a +0 robe (worn)
 v - a +0 buckler
Jewellery
 U - a +4 ring of protection (left hand)
   (You found it on level 2 of the Dungeon)
Wands
 l - a wand of random effects (43/48)
Scrolls
 g - 3 scrolls of teleportation {unknown}
 i - a scroll of blinking {unknown}
 k - 3 scrolls of identify {unknown}
 n - a scroll of remove curse {unknown}
 o - a scroll of noise {unknown}
 q - a scroll of enchant armour {unknown}
 w - a scroll of immolation {unknown}
Potions
 h - a potion of flight
 m - a potion of agility
 t - a potion of curing {unknown}
Books
 c - a book of Changes

   Spells                             Type                      Level
   a - Beastly Appendage              Transmutation                1
   b - Sticks to Snakes               Transmutation                2
   c - Spider Form                    Transmutation/Poison         3
   d - Ice Form                       Ice/Transmutation            4
   e - Blade Hands                    Transmutation                5
Comestibles
 d - 2 bread rations
 j - 3 royal jellies
 r - a meat ration
 s - 5 fruits
 u - 5 chunks of flesh


   Skills:
 - Level 0.8 Fighting
 - Level 1.7 Dodging
 - Level 3.9 Unarmed Combat
 - Level 2.0 Spellcasting
 + Level 3.2 Transmutations


You had one spell level left.
You knew the following spells:

 Your Spells              Type           Power        Failure   Level  Hunger
e - Beastly Appendage     Tmut           ##....       4%          1    #......
k - Sticks to Snakes      Tmut           ##......     7%          2    ###....
p - Spider Form           Tmut/Pois      #.........   26%         3    ###....


Dungeon Overview and Level Annotations

Branches:
Dungeon (4/15)
 Temple: D:4-7

Annotations:
D:4 Pikel


Innate Abilities, Weirdness & Mutations

You have an increased reservoir of magic. (+10% MP)


Message History

You open the door.
Found an escape hatch in the floor.
There is an open door here.
Your adder withers and dies!
You hear the brisk hiss of an avalanche of sand nearby.
A quokka skeleton comes into view.
Casting: Sticks to Snakes
Confirm with . or Enter, or press ? or * to list all spells.
You miscast Spider Form.
You are very lightly contaminated with residual magic.
You feel a strange surge of energy! The quokka skeleton barely misses you.
You hit the quokka skeleton.
The quokka skeleton is moderately damaged.
The quokka skeleton bites you but does no damage.
You hit the quokka skeleton.
You destroy the quokka skeleton!
Found a leather armour.
A quokka comes into view.
Casting: Spider Form
Confirm with . or Enter, or press ? or * to list all spells.
You miscast Spider Form.
You feel mildly nauseous.
You are feeling hungry.
Casting: Spider Form
Confirm with . or Enter, or press ? or * to list all spells.
You turn into a venomous arachnid creature.
Your +0 robe melds into your body.
You barely miss the quokka. The quokka bites you.
You hit the quokka.
The quokka is poisoned.
The quokka is heavily wounded.
The quokka bites you but does no damage.
You hit the quokka but do no damage.
The quokka is heavily wounded.
The quokka closely misses you.
You barely miss the quokka.
The quokka is almost dead.
You kill the quokka!
A slave comes into view.
You see here a quokka corpse.
You butcher the quokka corpse.
The slave moves out of view.
A slave comes into view.
You see here 2 chunks of flesh.
u - 6 chunks of flesh (gained 2) Pikel shouts!
Your transformation is almost over.
You open the door.
There is an open door here.
There is a sand-covered staircase here.
The world spins around you as you enter the gateway.
You enter an ossuary!
Your transformation has ended.
Your +0 robe unmelds from your body.
Found a gate leading back out of this place.
There is an empty arch of ancient stone here.
Eat one of 6 chunks of flesh? (ye/n/q)
You eat one of the 6 chunks of flesh.
This raw flesh tastes terrible.
You open the door.
There is an open door here.
You open the door.
There is an open door here.
Found a fizzy silvery potion and a grey potion. 2 mummies come into view.
Found four items.
There is an open door here.
Casting: Spider Form
Confirm with . or Enter, or press ? or * to list all spells.
You miscast Sticks to Snakes.
Strange energies run through your body.
Casting: Sticks to Snakes
Confirm with . or Enter, or press ? or * to list all spells.
You turn into a venomous arachnid creature.
Your +0 robe melds into your body.
Your transformation is almost over.
The mummy hits you!
You hit the mummy.
The mummy is moderately damaged.
The mummy misses you.
You barely miss the mummy.
The mummy is moderately damaged.
You hit the mummy.
The mummy is moderately damaged.
The mummy completely misses you.
You hit the mummy.
The mummy is heavily damaged.
You hit the mummy.
The mummy is severely damaged.
The mummy hits you!
* * * LOW HITPOINT WARNING * * *
You hit the mummy.
The mummy is almost destroyed.
Your transformation has ended.
Your +0 robe unmelds from your body.
It was a potion of flight.
You feel very buoyant.
You fly up into the air.
It was a potion of haste.
You feel yourself speed up.
You barely miss the mummy.
The mummy is almost destroyed.
The mummy hits you!
You die...

.# ###+### .#
##.....## ##.+
##.......###..#
#.........#...+
+....⌠....'...#
#.........#...+
##.......###..#
##...@M## ##.+
###'### .# #.#
.# ##.## !M
#.∩.# ?! #.∩.#
#####


You could see a mummy.

Vanquished Creatures
  A slave (D:4)
  Ijyb (D:2)
  An adder (D:3)
  An ooze (D:1)
  A worm (D:2)
  A dart slug (D:3)
  5 orcs (D:3)
  3 bats (D:1)
  2 giant cockroaches
  8 goblins
  11 hobgoblins
  5 kobolds
  3 quokkas
  A ball python skeleton (D:4)
  9 frilled lizards
  A quokka skeleton (D:4)
  3 rats
57 creatures vanquished.

Vanquished Creatures (collateral kills)
  An adder (D:3)
1 creature vanquished.

Grand Total: 58 creatures vanquished

Notes
Turn   | Place    | Note
-------+----------+-------------------------------------------
     0 | D:1      | tidbits the Demigod Transmuter began the quest for the Orb.
     0 | D:1      | Reached XP level 1. HP: 15/15 MP: 5/5
    43 | D:1      | Reached skill level 3 in Unarmed Combat
   194 | D:1      | Reached XP level 2. HP: 12/22 MP: 5/7
   198 | D:1      | Learned a level 2 spell: Sticks to Snakes
   593 | D:3      | Reached XP level 3. HP: 15/27 MP: 5/8
   639 | D:3      | Found an opulent altar of Gozag.
   724 | D:3      | Noticed Ijyb
   783 | D:2      | Reached skill level 2 in Spellcasting
   788 | D:2      | Learned a level 3 spell: Spider Form
   887 | D:2      | Found an ancient bone altar of Kikubaaqudgha.
  1015 | D:1      | Reached skill level 2 in Transmutations
  1063 | D:2      | Killed Ijyb
  1212 | D:3      | Reached XP level 4. HP: 34/34 MP: 5/9
  1220 | D:3      | Found a faded altar of an unknown god.
  1285 | D:3      | Found a hide-covered altar of Uskayaw.
  1313 | D:3      | Found a radiant altar of Vehumet.
  1334 | D:3      | Reached skill level 3 in Transmutations
  1526 | D:4      | Noticed a slave
  1527 | D:4      | Noticed Pikel
  1594 | D:4      | Found a sand-covered staircase.
  1612 | D:4      | Killed a slave
  1685 | D:4      | Noticed a slave
  1686 | D:4      | Noticed a slave
  1696 | Ossuary  | Entered an ossuary
  1734 | Ossuary  | Slain by a mummy

Skill      XL: |  1  2  3  4 |
---------------+-------------+-----
Unarmed Combat | 3 |  3.9
Spellcasting   | 2 |  2.0
Transmutations | 2 3 |  3.2
Fighting       | |  0.8
Dodging        | |  1.7

Action                   |  1- 3 |  4- 6 || total
-------------------------+-------+-------++-------
Melee: Unarmed           |   110 |    48 ||   158
       Kick              |     7 |       ||     7
       Headbutt          |     6 |       ||     6
       Punch             |     2 |       ||     2
 Cast: Beastly Appendage |    20 |       ||    20
       Sticks to Snakes  |     5 |     2 ||     7
       Spider Form       |     7 |     7 ||    14
  Use: Potion            |       |     2 ||     2
 Stab: Sleeping          |     2 |       ||     2
  Eat: Chunk             |     3 |     3 ||     6
Armor: Robe              |    21 |     1 ||    22
       Skin              |     1 |     3 ||     4
Dodge: Dodged            |    76 |    33 ||   109

Table legend:
 A = Turns spent in this place as a percentage of turns spent in the entire game.
 B = Non-inter-level travel turns spent in this place as a percentage of non-inter-level travel turns spent in the entire game.
 C = Inter-level travel turns spent in this place as a percentage of turns spent in this place.
 D = Turns resting spent in this place as a percentage of non-inter-level travel turns spent in this place.
 E = Turns spent auto-exploring this place as a percentage of non-inter-level travel turns spent in this place.
 F = Non-inter-level travel turns spent in this place divided by the number of levels of this place that you've seen.
                   A       B       C       D       E      F
               +-------+-------+-------+-------+-------+----------------------
         Total | 100.0 | 100.0 |   0.4 |   0.0 |   0.1 | 312.6
       Dungeon |  97.6 |  97.6 |   0.5 |   0.0 |   0.1 | 381.5
       Ossuary |   2.4 |   2.4 |   0.0 |   0.0 |   0.0 |  37.0
               +-------+-------+-------+-------+-------+----------------------

Table legend:
 A = Kills in this place as a percentage of kills in entire the game.
 B = Kills by you in this place as a percentage of kills by you in the entire game.
 C = Kills by friends in this place as a percentage of kills by friends in the entire game.
 D = Other kills in this place as a percentage of other kills in the entire game.
 E = Experience gained in this place as a percentage of experience gained in the entire game.
 F = Experience gained in this place divided by the number of levels of this place that you have seen.
                   A       B       C       D       E      F
               +-------+-------+-------+-------+-------+----------------------
         Total | 100.0 | 100.0 | 100.0 |  -nan | 100.0 |  32.2
       Dungeon | 100.0 | 100.0 | 100.0 |  -nan | 100.0 |  40.2
               +-------+-------+-------+-------+-------+----------------------

Vault maps used:
D:1:      lightli_arrival_chessboard, minmay_misc_feat_tiny
D:2:      lemuel_crystal_altar
D:3:      eat_drink_and_be_merry_uskayaw, vehumet_crystals,
          nicolae_gozag_cash_rules_everything_around_me,
          chequers_ecumenical_altar_simple_redux, first_bread, uniq_ijyb
D:4:      nicolae_overflow_crystal_walls, nicolae_ossuary_entry_false_entrances,
          uniq_pikel
Ossuary:  ossuary_crypta
